 Dungeon Crawl Stone Soup version 0.28.0 (webtiles) character file.

Game seed: 8436591963753842154

2156 DildoBatman the Magician (level 9, -4/59 (61) HPs)
             Began as a Formicid Conjurer on Feb 7, 2022.
             Was a Believer of Kikubaaqudgha.
             Slain by Joseph (27 damage)
             ... on level 7 of the Dungeon.
             The game lasted 00:23:59 (6864 turns).

DildoBatman the Magician (Formicid Conjurer)        Turns: 6864, Time: 00:23:59

HP:   -4/59 (61)    AC:  5    Str: 18    XL:     9   Next: 57%
MP:   14/19         EV: 12    Int: 18    God:    Kikubaaqudgha [**....]
Gold: 231           SH:  0    Dex: 13    Spells: 1/22 levels left

rFire   . . .      SeeInvis +   a - +6 dagger
rCold   . . .      Faith    .   (no shield)
rNeg    . . .      Spirit   .   c - +0 robe
rPois   .          Reflect  .   (helmet unavailable)
rElec   .          Harm     .   i - +0 cloak
rCorr   .          Rampage  .   (no gloves)
Will    .....                   p - +1 pair of boots
Stlth   ++........              (no amulet)
HPRegen 0.19/turn               C - +6 ring of strength
MPRegen 0.16/turn               k - ring of wizardry

@: very slightly contaminated, lightly drained
A: permanent stasis, dig shafts and tunnels, antennae 3, four strong arms
a: Dig, Shaft Self, Renounce Religion, Receive Corpses


You were on level 7 of the Dungeon.
You worshipped Kikubaaqudgha.
Kikubaaqudgha was pleased with you.
You visited 2 branches of the dungeon, and saw 8 of its levels.

You collected 231 gold pieces.

Inventory:

Hand Weapons
 a - a +6 dagger (weapon)
 b - a +2 spear of flaming
 d - a +2 dagger of venom
Missiles
 g - 89 arrows
 j - 31 bolts
 v - 197 stones (quivered)
 z - 45 sling bullets
 D - 9 poisoned darts
 I - a throwing net
 K - a boomerang
Armour
 c - a +0 robe (worn)
 i - a +0 cloak (worn)
 p - a +1 pair of boots (worn)
 J - a +2 chain mail of cold resistance
 L - a +0 pair of boots of stealth
Magical Staves
 y - a staff of cold
Jewellery
 h - a ring of resist corrosion
 k - a ring of wizardry (right hand)
 C - a +6 ring of strength (left hand)
Wands
 w - a wand of iceblast (13)
 B - a wand of polymorph (9)
 N - a wand of charming (8)
Scrolls
 l - a scroll of enchant weapon {unknown}
 n - a scroll of fear
 q - 3 scrolls of magic mapping {unknown}
 r - 2 scrolls of enchant armour
 s - 3 scrolls of amnesia
 t - a scroll of silence {unknown}
 u - a scroll of vulnerability
 x - 7 scrolls of identify
 A - a scroll of immolation {unknown}
 F - a scroll of summoning {unknown}
 H - a scroll of teleportation {unknown}
Potions
 e - 4 potions of cancellation {unknown}
 f - a potion of mutation {unknown}
 m - 5 potions of brilliance {unknown}
 o - a potion of heal wounds
 E - a potion of haste {unknown}
 G - a potion of resistance {unknown}
 M - 3 potions of curing {unknown}
 O - a potion of lignification {unknown}


   Skills:
 - Level 2.0 Fighting
 - Level 2.0 Armour
 - Level 1.7 Dodging
 - Level 2.4 Stealth
 - Level 7.0 Spellcasting
 - Level 6.0 Conjurations
 * Level 5.0 Necromancy
 - Level 6.0 Fire Magic


You had one spell level left.
You knew the following spells:

 Your Spells              Type           Power      Damage    Failure   Level
a - Searing Ray           Conj           54%        2d6       1%          2
b - Conjure Flame         Conj/Fire      27%        6-21      1%          3
c - Magic Dart            Conj           100%       1d8       1%          1
d - Vampiric Draining     Necr           24%        2d7       1%          3
f - Dazzling Flash        Conj/Hex       34%        N/A       4%          3
g - Ozocubu's Armour      Ice            6%         N/A       13%         3
h - Dispel Undead         Necr           24%        3d12      6%          4
z - Sublimation of Blood  Necr           24%        N/A       1%          2

Your spell library contained the following spells:

 Spells                   Type           Power      Damage    Failure   Level
 Animate Skeleton         Necr           48%        N/A       1%          1
 Corpse Rot               Necr/Air       30%        N/A       2%          2
 Sticky Flame             Conj/Fire      27%        2d5       3%          4
 Ignite Poison            Fire/Tmut/Pois 13%        N/A       6%          3
 Fulminant Prism          Conj/Hex       8%         3d7       12%         4
 Iskenderun's Mystic Bla  Conj/Tloc      17%        2d5       12%         4
 Gell's Gravitas          Tloc           6%         N/A       13%         3
 Lesser Beckoning         Tloc           6%         N/A       13%         3
 Teleport Other           Tloc           6%         N/A       13%         3
 Death Channel            Necr           12%        N/A       61%         6
 Ozocubu's Refrigeration  Ice            3%         4d5       100%        7


Dungeon Overview and Level Annotations

Branches:
Dungeon (7/15)             Temple (1/1) D:5

Altars:
Ashenzari
Cheibriados
Dithmenos
Elyvilon
Fedhas
Gozag
Hepliaklqana
Kikubaaqudgha
Makhleb
Nemelex Xobeh
Okawaru
Qazlal
Ru
Sif Muna
Trog
Uskayaw
Wu Jian
Xom
Yredelemnul
Zin
The Shining One

Shops:
D:3 [   D:7 [

Annotations:
D:7 1 runed translucent door, exclusions: gnoll and 2 sensed monsters (detected), Crazy Yiuf, Joseph, Menkaure


Innate Abilities, Weirdness & Mutations

You cannot be hasted, slowed, berserked, paralysed or teleported.
You can dig through walls and to a lower floor.
You have a pair of large antennae on your head. (SInv)
Your four strong arms can wield two-handed weapons with a shield.


Message History

Orders for allies: a - Attack new target. r - Retreat! s - Stop attacking. g - Guard the area. f - Follow me.
Anything else - Cancel.
You shout for attention!
What are your orders? t - Shout!
Orders for allies: a - Attack new target. r - Retreat! s - Stop attacking. g - Guard the area. f - Follow me.
Anything else - Cancel.
You shout for attention!
You retract your mandibles.
You puncture Joseph!
Joseph is lightly wounded.
Joseph is engulfed in blazing flames.
Joseph unwields a +2 hunting sling of freezing.
Joseph wields a +2 spectral quarterstaff.
Joseph misses you.
You hit Joseph.
Joseph is moderately wounded.
You hit Joseph.
Joseph is heavily wounded.
Joseph is engulfed in blazing flames.
Joseph drinks a potion.
Joseph goes berserk!
Casting: Conjure Flame (safe; 1% risk of failure)
Confirm with . or Enter, or press ? or * to list all spells.
Aiming: Vampiric Draining (safe; 1% risk of failure)
Press: ? - help, Shift-Dir - straight line, f - Joseph
Aim: Joseph, wielding a +2 spectral quarterstaff, wearing a +0 leather armour, quivering sling bullets and carrying a wand of paralysis (1) (flame, severely wounded, berserk)
You miscast Vampiric Draining.
You are very lightly contaminated with residual magic.
Nothing appears to happen.
Joseph is engulfed in blazing flames.
Joseph hits you with a +2 spectral quarterstaff!
Joseph is engulfed in blazing flames.
Joseph hits you with a +2 spectral quarterstaff!!
You die...
Kikubaaqudgha rasps: "You have failed me!
Welcome... death!"

#.P.## ### #.# #.....# ##.##
#.# #...... ### #.## #.#
#.....# ..# ##.# ####
#.#######.....# ### #.## #..#
#.##...#....... ##.# #..#
#......#.###### #+#
#..######.....#...# ...
#....@.##.#.##.##.# #...#
#..#@#.##.#.##.##.# #..)#
#..###.##.#.##.##.# #####
#..# #.##.#.##.##.# ###
#..###.##.#.##.##.###
#.######
####......@..#.#...#....
#......#
#.###..............#####
#.....## ##.............#@.)#
#......###.#######.##########
#.....#.#.########.#


You could see Joseph (berserk).

Vanquished Creatures
  Prince Ribbit (D:5)
  A water moccasin (D:6)
  A hornet zombie (D:7)
  An ice beast (D:6)
  A necrophage (D:6)
  2 ogres
  A centaur (D:7)
  2 bullfrogs
  A gnoll sergeant (D:7)
  4 scorpions
  A water moccasin skeleton (D:6)
  A wyvern skeleton (D:5)
  A howler monkey (D:4)
  3 hounds
  A bullfrog zombie (D:7)
  3 jellies
  A centaur zombie (D:7)
  2 gnoll shamans (D:6)
  Ijyb (D:5)
  2 iguanas
  3 orc wizards
  A hound skeleton (D:4)
  14 gnolls
  A howler monkey skeleton (D:7)
  A howler monkey zombie (D:6)
  3 adders
  2 shadow imps (D:7)
  2 ufetubi
  An adder zombie (D:5)
  2 adder skeletons (D:4)
  2 worms (D:2)
  6 dart slugs
  15 orcs
  7 bats
  2 endoplasms
  4 giant cockroaches
  5 goblins
  7 hobgoblins
  2 jackals (D:3)
  4 quokkas
  6 ball pythons
  2 frilled lizards (D:1)
  5 kobolds
  A rat (D:3)
129 creatures vanquished.

Vanquished Creatures (others)
  3 fungi (D:7)
3 creatures vanquished.

Grand Total: 132 creatures vanquished

Notes
Turn   | Place    | Note
-------+----------+-------------------------------------------
     0 | D:1      | DildoBatman the Formicid Conjurer began the quest for the
                  | Orb.
     0 | D:1      | Reached XP level 1. HP: 13/13 MP: 3/3
   141 | D:1      | Reached XP level 2. HP: 18/19 MP: 3/5
   144 | D:1      | Learned a level 2 spell: Searing Ray
   532 | D:1      | Reached XP level 3. HP: 18/24 MP: 2/6
   651 | D:1      | Found a faded altar of an unknown god.
   980 | D:2      | Reached skill level 5 in Conjurations
   980 | D:2      | Reached XP level 4. HP: 29/30 MP: 1/7
   988 | D:2      | Learned a level 3 spell: Conjure Flame
  1547 | D:3      | Reached XP level 5. HP: 36/36 MP: 4/8
  1580 | D:3      | Found Dienor's Antique Armour Shop.
  1695 | D:3      | Reached skill level 1 in Armour
  1786 | D:3      | Reached skill level 1 in Fighting
  2184 | D:4      | You fall into a shaft and drop 3 floors!
  2208 | D:7      | Reached skill level 3 in Spellcasting
  2208 | D:7      | Reached XP level 6. HP: 9/44 MP: 1/10
  2527 | D:7      | Noticed Menkaure
  2580 | D:7      | Reached skill level 1 in Fire Magic
  2689 | D:7      | Noticed Joseph
  2957 | D:6      | Noticed a necrophage
  2965 | D:6      | Killed a necrophage
  2966 | D:6      | Reached XP level 7. HP: 36/50 MP: 1/12
  3155 | D:6      | Noticed a water moccasin
  3491 | D:6      | Killed a water moccasin
  3492 | D:6      | Reached skill level 4 in Spellcasting
  3950 | D:5      | Entered Level 5 of the Dungeon
  3952 | D:5      | Found a staircase to the Ecumenical Temple.
  3956 | Temple   | Entered the Ecumenical Temple
  4031 | Temple   | Became a worshipper of Kikubaaqudgha
  4208 | D:6      | Reached XP level 8. HP: 56/56 MP: 1/15
  4341 | D:5      | Noticed Prince Ribbit
  4408 | D:4      | Reached skill level 5 in Spellcasting
  4550 | D:4      | Reached * piety under Kikubaaqudgha
  4550 | D:4      | Received a gift from Kikubaaqudgha
  4554 | D:4      | Learned a level 2 spell: Sublimation of Blood
  4558 | D:4      | Learned a level 3 spell: Vampiric Draining
  4562 | D:4      | Learned a level 3 spell: Ozocubu's Armour
  4566 | D:4      | Learned a level 3 spell: Dazzling Flash
  5047 | D:5      | Noticed Ijyb
  5062 | D:5      | Killed Ijyb
  5343 | D:5      | Reached skill level 6 in Spellcasting
  5343 | D:5      | Reached skill level 5 in Fire Magic
  5644 | D:5      | Killed Prince Ribbit
  5645 | D:5      | Reached XP level 9. HP: 34/61 MP: 4/19
  5814 | D:6      | Reached skill level 7 in Spellcasting
  5844 | D:6      | Reached skill level 1 in Necromancy
  6309 | D:7      | Reached ** piety under Kikubaaqudgha
  6315 | D:7      | Learned a level 4 spell: Dispel Undead
  6366 | D:7      | Found Saokkau's Armour Boutique.
  6635 | D:7      | Reached skill level 5 in Necromancy
  6703 | D:7      | Found a runed translucent door.
  6704 | D:7      | Noticed Crazy Yiuf
  6864 | D:7      | Slain by Joseph

Illustrated notes

Levels and vault maps discovered:
D:1:      ncdulo_halloftheorcs, layout_basic, basic_ecumenical_altar
D:2:      layout_rooms
D:3:      layout_rooms, serial_curves, eino_curves_03, eino_curves_02,
          serial_shops, shop
D:4:      layout_cave_pools
D:5:      layout_basic, minmay_temple_entry_from_below_a, uniq_ijyb,
          uniq_prince_ribbit1
D:6:      layout_layer_cave
D:7:      layout_loops_ring, minmay_statues_item, kennysheep_windowed_goal,
          uniq_crazy_yiuf_cottage, uniq_menkaure, uniq_joseph
Temple:   dpeg_three_leaves_temple

Skill      XL: |  1  2  3  4  5  6  7  8  9 |
---------------+----------------------------+-----
Conjurations   | 4 5 6 |  6.0
Armour         | 2 |  2.0
Fighting       | 1 2 |  2.0
Spellcasting   | 3 4 6 7 |  7.0
Fire Magic     | 1 3 5 6 |  6.0
Necromancy     | 5 |  5.0
Dodging        | |  1.7
Stealth        | |  2.4

Action                   |  1- 3 |  4- 6 |  7- 9 || total
-------------------------+-------+-------+-------++-------
Melee: Short sword       |    37 |    82 |       ||   119
       Punch             |     1 |     2 |     4 ||     7
       Dagger            |       |    14 |   115 ||   129
       Trident           |       |    13 |    38 ||    51
       Spear             |       |       |    22 ||    22
Throw: Stone             |       |       |    10 ||    10
 Cast: Magic Dart        |    32 |    20 |    12 ||    64
       Searing Ray       |       |    11 |    32 ||    43
       Conjure Flame     |       |     6 |    25 ||    31
       Sublimation of Bl |       |       |     2 ||     2
       Vampiric Draining |       |       |     1 ||     1
 Abil: Dig               |       |       |     3 ||     3
  Use: Scroll            |       |     4 |       ||     4
 Stab: Sleeping          |     3 |     3 |     1 ||     7
Armor: Robe              |     9 |    35 |    31 ||    75
Dodge: Dodged            |    34 |    80 |    86 ||   200
